 Dungeon Crawl Stone Soup version 0.29-a0-866-g0545e20025 (webtiles) character file.

Game seed: 9212282465475759185

956 27snakeeyes612 the Cudgeller (level 7, -16/106 HPs)
             Began as a Troll Berserker on July 17, 2022.
             Was a Priest of Trog.
             Demolished by an ogre
             ... wielding a +0 giant club
              (20 damage)
             ... on level 6 of the Dungeon.
             The game lasted 00:04:49 (4116 turns).

27snakeeyes612 the Cudgeller (Troll Berserker)      Turns: 4116, Time: 00:04:50

Health: -16/106    AC:  5    Str: 28    XL:     7   Next: 91%
Magic:  6/6        EV: 10    Int:  3    God:    Trog [***...]
Gold:   203        SH:  0    Dex:  9    Spells: 6/6 levels left

rFire   + . .      SeeInvis .   p - +1 flail (chaos)
rCold   . . .      Faith    .   (no shield)
rNeg    . . .      Spirit   .   b - +0 animal skin
rPois   .          Reflect  .   (helmet restricted)
rElec   .          Harm     .   f - +0 cloak
rCorr   +          Rampage  .   (gloves unavailable)
Will    ++...                   (boots unavailable)
Stlth   ..........              u - amulet of magic regeneration
HPRegen 2.07/turn               j - ring of protection from fire
MPRegen 0.50/turn               n - ring of resist corrosion

@: berserking, weakened, strong-willed, regenerating, very quick
A: large, unfitting armour, claws 3, regeneration 1, shaggy fur 1, tough skin 1
a: Renounce Religion, Berserk, Trog's Hand


You were on level 6 of the Dungeon.
You worshipped Trog.
Trog was most pleased with you.
You visited 1 branch of the dungeon, and saw 6 of its levels.

You collected 203 gold pieces.

Inventory:

Hand Weapons
 a - a +0 mace
 p - a +1 flail of chaos (weapon)
 s - a +0 mace of protection
Missiles
 g - a throwing net (quivered)
 y - 5 poisoned darts
Armour
 b - a +0 animal skin (worn)
 f - a +0 cloak (worn)
Jewellery
 j - a ring of protection from fire (left claw)
 n - a ring of resist corrosion (right claw)
 u - an amulet of magic regeneration (around neck)
Wands
 v - a wand of charming (1)
Scrolls
 h - 2 scrolls of magic mapping
 i - a scroll of enchant weapon
 l - a scroll of blinking
 q - 2 scrolls of identify
 r - a scroll of teleportation
Potions
 c - 2 potions of degeneration {unknown}
 d - 3 potions of heal wounds
 e - 5 potions of curing {unknown}
 k - 2 potions of haste {unknown}
 m - a potion of brilliance {unknown}
 o - 3 potions of mutation {unknown}
 t - 3 potions of berserk rage {unknown}
 w - 4 potions of might {unknown}


   Skills:
 + Level 4.6 Fighting
 + Level 5.0 Maces & Flails
 + Level 3.3 Throwing
 + Level 4.6 Dodging


You had 6 spell levels left.
You didn't know any spells.
Your spell library was empty.

Dungeon Overview and Level Annotations

Branches:
Dungeon (6/15)
 Temple: D:4-7

Altars:

Shops:
D:1 (   D:6 :


Innate Abilities, Weirdness & Mutations

You are too large for most types of armour.
You have claws for hands.
Your natural rate of healing is unusually fast.
You are covered in fur. (AC +1)
You have tough skin. (AC +1)


Message History

You feel your attacks grow feeble.
The gnoll shouts!
The ogre hits you with a +0 giant club!
A gnoll comes into view. It is wielding a +0 flail.
The gnoll bouda gazes fiercely through you!
You feel as though you will be weak longer.
You barely miss the ogre.
The gnoll shouts!
A phantom comes into view.
The ogre hits you with a +0 giant club!
Your skin crawls.
You feel strong-willed.
A gnoll comes into view. It is wielding a +0 halberd.
A gnoll comes into view. It is wielding a +0 spear.
The gnoll bouda barks out a call to the hunt!
The gnolls pick up the pace!
The ogre hits you with a +0 giant club!
A red film seems to cover your vision as you go berserk!
You feel yourself moving faster!
You feel mighty!
A gnoll comes into view. It is wielding a +0 club.
You sock the ogre!
The ogre looks as sick as possible!
The ogre is moderately wounded.
The ogre hits you with a +0 giant club!
You hit the ogre.
The ogre suddenly seems more agile.
The ogre is heavily wounded.
You completely miss the ogre.
The ogre is severely wounded.
The gnoll hits you from afar with a +0 spear.
The ogre hits you with a +0 giant club!!
* * * LOW HITPOINT WARNING * * *
You closely miss the ogre.
The ogre is severely wounded.
The gnoll hits you from afar with a +0 halberd!
* * * LOW HITPOINT WARNING * * *
The gnoll hits you from afar with a +0 spear.
* * * LOW HITPOINT WARNING * * *
You completely miss the ogre.
The ogre is almost dead.
The ogre hits you with a +0 giant club!!
You die...

....... #.........
.........######.........
........................
........................
......................≈≈
......................≈≈
.......[..............≈≈
......................≈≈
......O@................
......Wg......^.......≈≈
......gggg............≈≈
........g.............≈≈
......................≈≈
......................≈≈
........................
........................
..............


You could see an ogre (agile, extremely poisoned), a phantom, a gnoll bouda and
5 gnolls.

Vanquished Creatures
  Sigmund (D:4)
  An ogre (D:5)
  2 scorpions
  A necrophage (D:5)
  A hound (D:5)
  2 jellies
  2 orc priests
  2 iguanas
  Natasha (thrice) (D:4)
  An orc wizard (D:3)
  Robin (D:4)
  7 gnolls
  6 adders
  A worm (D:4)
  3 dart slugs
  10 orcs
  7 bats
  3 endoplasms
  5 giant cockroaches
  11 goblins
  5 hobgoblins
  4 jackals (D:3)
  5 quokkas
  4 ball pythons
  10 frilled lizards
  9 kobolds
  5 rats
112 creatures vanquished.

Vanquished Creatures (others)
  A goblin zombie (D:4)
1 creature vanquished.

Grand Total: 113 creatures vanquished

Notes
Turn   | Place    | Note
-------+----------+-------------------------------------------
     0 | D:1      | 27snakeeyes612 the Troll Berserker began the quest for the
                  | Orb.
     0 | D:1      | Reached XP level 1. HP: 22/22 MP: 0/0
    70 | D:1      | Found Otureh's Antique Weapon Emporium.
   203 | D:1      | Reached XP level 2. HP: 29/29 MP: 1/1
   518 | D:1      | Reached skill level 3 in Maces & Flails
   562 | D:1      | Reached ** piety under Trog
   735 | D:1      | Reached XP level 3. HP: 36/36 MP: 2/2
  1025 | D:2      | Found a faded altar of an unknown god.
  1596 | D:2      | Reached XP level 4. HP: 16/45 MP: 3/3
  1772 | D:3      | Reached XP level 5. HP: 44/53 MP: 4/4
  1935 | D:3      | Reached *** piety under Trog
  2107 | D:4      | Reached skill level 1 in Throwing
  2147 | D:4      | Noticed Natasha
  2149 | D:4      | Killed Natasha
  2345 | D:4      | Noticed Natasha
  2350 | D:4      | Killed Natasha
  2351 | D:4      | Reached skill level 4 in Maces & Flails
  2384 | D:4      | Reached XP level 6. HP: 61/61 MP: 5/5
  2630 | D:4      | Noticed Sigmund
  2644 | D:4      | Killed Sigmund
  2696 | D:4      | Noticed Robin
  2724 | D:4      | Killed Robin
  2725 | D:4      | Noticed Natasha
  2728 | D:4      | Killed Natasha
  2729 | D:4      | Reached XP level 7. HP: 24/70 MP: 6/6
  3063 | D:5      | Entered Level 5 of the Dungeon
  4009 | D:6      | Reached skill level 5 in Maces & Flails
  4073 | D:6      | Found Zavyustro's Book Boutique.
  4115 | D:6      | HP: 2/106 [gnoll/+0 spear[a gnoll bouda] (5)]
  4116 | D:6      | Demolished by an ogre

Illustrated notes

Levels and vault maps discovered:
D:1:      spicycebolla_arrival_risky_transporter, layout_basic, serial_shops,
          nicolae_square_shop
D:2:      layout_loops_ring, ebering_ecumenical_altar_box
D:3:      cheibrodos_old_hovel, layout_rooms, serial_glass, glass_columns_b,
          glass_columns_b, glass_columns_a, glass_columns_a, glass_columns_a
D:4:      layout_loops_corners, chequers_serial_rivers_room_b, uniq_robin,
          uniq_sigmund, uniq_natasha
D:5:      layout_gridville, minmay_misc_feat_iff, kennysheep_nub
D:6:      layout_gridville, serial_shops, shop, shop, shop_statue,
          nicolae_shop_behind_doors, nicolae_stop_n_shop_2, minivault_14,
          serial_bayou_pond_b

Skill      XL: |  1  2  3  4  5  6  7 |
---------------+----------------------+-----
Maces & Flails | 3 4 5 |  5.0
Fighting       | 3 4 |  4.6
Dodging        | 3 4 |  4.6
Throwing       | 1 2 3 |  3.3

Action                   |  1- 3 |  4- 6 |  7- 9 || total
-------------------------+-------+-------+-------++-------
Melee: Mace              |   155 |       |       ||   155
       Flail             |       |   161 |    59 ||   220
       Punch             |       |       |     1 ||     1
Throw: Throwing net      |       |       |     1 ||     1
Invok: Berserk           |       |     5 |     1 ||     6
       Trog's Hand       |       |     1 |     1 ||     2
  Use: Scroll            |       |     7 |     2 ||     9
 Stab: Sleeping          |     3 |       |     1 ||     4
Armor: Animal skin       |    70 |    94 |    12 ||   176
Dodge: Dodged            |    85 |   113 |    27 ||   225

Table legend: (Time is in decaauts)
 A = Elapsed time spent in this place.
 B = Non-inter-level travel time spent in this place.
 C = Inter-level travel time spent in this place.
 D = Time resting spent in this place.
 E = Time spent auto-exploring this place.
 F = Levels seen in this place.
 G = Mean time per level.
                   A        B        C        D        E       F      G
               +--------+--------+--------+--------+--------+-----+--------+
         Total |   4241 |   3995 |    246 |    168 |   2969 |   6 |  706.8 |
       Dungeon |   4241 |   3995 |    246 |    168 |   2969 |   6 |  706.8 |
               +--------+--------+--------+--------+--------+-----+--------+

Top non-repeatable levels by time:
     D:4: 1014 daAuts
     D:1: 898 daAuts
     D:5: 884 daAuts
     D:2: 769 daAuts
     D:3: 500 daAuts
     D:6: 174 daAuts
